[Event "Titled Tuesday Blitz May 4 2021"]
[White "Fajdetic, Hrvoje"]
[Black "Vega Gutierrez, Sabrina"]
[WhiteFideId "14501945"]
[BlackFideId "2219026"]
[WhiteElo "2153"]
[BlackElo "2281"]
[Result "0-1"]
[Round "02"]
[TimeControl "180+1"]
[Date "2021.05.04"]
[WhiteClock "0:00:02"]
[BlackClock "0:00:17"]

1. d4 d5 2. Bf4 Nf6 3. e3 e6 4. Nf3 Bd6 5. Bg3 O-O 6. c3 c5 7. Bd3 b6 8. Nbd2 Ba6 9. Bxa6 Nxa6 10. Qe2 Nb8 11. e4 Be7 12. Bxb8 Rxb8 13. e5 Nd7 14. h4 b5 15. Ng5 Bxg5 16. hxg5 Qxg5 17. Nf3 Qg6 18. Rh3 b4 19. Rg3 Qe4 20. Qxe4 dxe4 21. Ng5 bxc3 22. bxc3 cxd4 23. cxd4 Rb4 24. Rd1 Rc8 25. Ra3 Rc7 26. Nxe4 Nxe5 27. Nd6 Ng6 28. g3 Rd7 29. Nc8 Rbb7 30. Rc1 Kf8 31. d5 exd5 32. f4 Ke8 33. Rc5 Kd8 34. Rac3 Nf8 35. Rc2 Ne6 36. Rc6 Nd4 0-1


[Site "https://www.chess.com"]

[Event "Titled Tuesday Blitz May 4 2021"]
[White "Fanha, Paulo"]
[Black "Nosacheva, Mariya"]
[WhiteFideId "1902148"]
[BlackFideId "34111422"]
[WhiteElo "1851"]
[BlackElo "2035"]
[Result "0-1"]
[Round "02"]
[TimeControl "180+1"]
[Date "2021.05.04"]
[WhiteClock "0:00:04"]
[BlackClock "0:00:26"]

1. e4 c5 2. b3 Nf6 3. e5 Nd5 4. Bb2 Nc6 5. Nf3 d6 6. exd6 Qxd6 7. Nc3 Bg4 8. Nxd5 Qxd5 9. Be2 O-O-O 10. h3 Bh5 11. d3 e5 12. O-O Bg6 13. Nh4 Nd4 14. Bxd4 exd4 15. Nf3 Bd6 16. a3 Rhe8 17. b4 Bh5 18. Re1 Re7 19. g4 Bg6 20. Bf1 Rxe1 21. Nxe1 Qe5 22. Nf3 Qf4 23. Bg2 c4 24. Qd2 Qxd2 25. Nxd2 cxd3 26. cxd3 Bxd3 27. Nf3 Bf4 28. Rd1 Be2 29. Rxd4 Rxd4 30. Nxd4 Bc4 31. Be4 g6 32. Bf3 Kc7 33. Be2 Bd5 34. Bf3 Bc4 35. Be2 b5 36. Bxc4 bxc4 37. Kf1 Kb6 38. Ke2 a5 39. Kd1 axb4 40. axb4 Be5 41. Nf3 Bc3 42. Kc2 Bxb4 43. Ne5 f5 44. Nxc4+ Kc5 45. Ne3 f4 46. Ng2 f3 47. Nh4 Be1 48. Nxf3 Bxf2 49. Kd3 Kd5 50. Ke2 Bd4 51. Kf1 Bf6 52. Kg2 Ke4 53. h4 Be7 54. Ng5+ Bxg5 55. hxg5 Kf4 56. Kh3 Kxg5 57. Kg3 h6 58. Kh3 Kf4 59. Kh4 Kf3 60. Kh3 g5 61. Kh2 Kxg4 62. Kg2 h5 63. Kh2 h4 64. Kg2 Kf4 65. Kh2 Kf3 66. Kh3 g4+ 67. Kh2 g3+ 68. Kg1 h3 69. Kh1 g2+ 70. Kg1 Ke2 71. Kh2 Kf2 72. Kxh3 g1=Q 73. Kh4 Kf3 74. Kh5 Kf4 75. Kh6 Kf5 76. Kh7 Kf6 0-1


[Site "https://www.chess.com"]

[Event "Titled Tuesday Blitz May 4 2021"]
[White "Ferro, Mario"]
[Black "Peralta, Eduardo"]
[WhiteFideId "810290"]
[BlackFideId "3700062"]
[WhiteElo "2246"]
[BlackElo "2205"]
[Result "0-1"]
[Round "02"]
[TimeControl "180+1"]
[Date "2021.05.04"]
[WhiteClock "0:02:23"]
[BlackClock "0:02:37"]

1. d4 Nf6 2. Nf3 g6 3. g3 Bg7 4. Bg2 O-O 5. O-O c5 6. c4 cxd4 7. Nxd4 Nc6 8. Nc3 Ng4 9. Nxc6 bxc6 10. e4 Ne5 11. Qa4 a5 12. f4 Nd3 13. Rd1 Qb6+ 0-1


[Site "https://www.chess.com"]

[Event "Titled Tuesday Blitz May 4 2021"]
[White "Flores Quillas, Diego Saul Rodri"]
[Black "Tari, Aryan"]
[WhiteFideId "3822508"]
[BlackFideId "1510045"]
[WhiteElo "2071"]
[BlackElo "2656"]
[Result "0-1"]
[Round "02"]
[TimeControl "180+1"]
[Date "2021.05.04"]
[WhiteClock "0:00:01"]
[BlackClock "0:01:08"]

1. e4 c6 2. d4 d5 3. Nc3 dxe4 4. Nxe4 Nf6 5. Nxf6+ exf6 6. c3 Bd6 7. Bd3 O-O 8. Qc2 Re8+ 9. Ne2 h5 10. O-O h4 11. h3 Nd7 12. Be3 Nf8 13. c4 Bd7 14. Rad1 Rc8 15. a3 Bb8 16. Qd2 Qc7 17. f4 f5 18. Nc3 Nh7 19. Bf2 g5 20. Ne2 Nf6 21. Rfe1 Nh5 22. fxg5 Qh2+ 23. Kf1 Qh1+ 24. Ng1 Bh2 25. Re3 f4 26. Rf3 Ng3+ 27. Rxg3 hxg3 0-1


[Site "https://www.chess.com"]

[Event "Titled Tuesday Blitz May 4 2021"]
[White "Foerster-Yialamas, Lucas"]
[Black "Schmakel, Sam"]
[WhiteFideId "30901774"]
[BlackFideId "2039311"]
[WhiteElo "1744"]
[BlackElo "2356"]
[Result "0-1"]
[Round "02"]
[TimeControl "180+1"]
[Date "2021.05.04"]
[WhiteClock "0:00:07"]
[BlackClock "0:00:07"]

1. e4 e5 2. Nf3 Nc6 3. Bb5 Nf6 4. O-O Nxe4 5. d4 Nd6 6. Bxc6 dxc6 7. dxe5 Nf5 8. Qxd8+ Kxd8 9. Bg5+ Ke8 10. Rd1 Be7 11. Bf4 Nh4 12. Nxh4 Bxh4 13. Nc3 Bf5 14. Ne2 Bxc2 15. Rd2 Bf5 16. Rad1 Rd8 17. Rxd8+ Bxd8 18. Nd4 Bd7 19. b4 Be7 20. a3 c5 21. bxc5 Bxc5 22. Nb3 Bb6 23. g3 Ba4 24. Rd3 Bxb3 25. Rxb3 Kd7 26. a4 Re8 27. a5 Bxa5 28. Be3 Bb6 29. Bxb6 cxb6 30. f4 Re6 31. Kf2 f6 32. exf6 Rxf6 33. Ke3 a6 34. g4 b5 35. f5 Kc6 36. h4 h5 37. Kf4 hxg4 38. Kxg4 a5 39. Kg5 a4 40. Rc3+ Kb6 41. Re3 Rf7 42. h5 b4 43. Kg6 Rc7 44. h6 gxh6 45. Kxh6 a3 46. Re2 Kb5 47. Re5+ Ka4 48. Re2 b3 49. Re4+ Ka5 50. Re5+ b5 51. Re3 Ka4 52. Re4+ b4 53. Re8 b2 54. Ra8+ Kb3 55. Rb8 b1=Q 56. f6 Qh7+ 57. Kg5 Rc5+ 58. Kf4 Qf5+ 59. Ke3 Qe5+ 60. Kf3 Rc3+ 61. Kg4 Rg3+ 0-1


[Site "https://www.chess.com"]

[Event "Titled Tuesday Blitz May 4 2021"]
[White "Gabdushev, Ruslan"]
[Black "Buksa, Nataliya"]
[WhiteFideId "4137833"]
[BlackFideId "14123622"]
[WhiteElo "2312"]
[BlackElo "2214"]
[Result "0-1"]
[Round "02"]
[TimeControl "180+1"]
[Date "2021.05.04"]
[WhiteClock "0:00:01"]
[BlackClock "0:00:16"]

1. b3 e5 2. Bb2 f6 3. e3 d5 4. d4 e4 5. Ne2 c6 6. Nf4 f5 7. c4 Nf6 8. Be2 Bb4+ 9. Bc3 Bd6 10. a3 O-O 11. Bb4 Bxf4 12. Bxf8 Bxe3 13. fxe3 Qxf8 14. O-O Be6 15. Nc3 Nbd7 16. cxd5 cxd5 17. Nb5 Ne8 18. Qc1 Qe7 19. Nc7 Rd8 20. Nxe8 Qxe8 21. Qc7 Rb8 22. Rac1 Nf6 23. Bb5 Qd8 24. Qxd8+ Rxd8 25. Rc7 a6 26. Be2 Rb8 27. Rfc1 Kf8 28. a4 Ne8 29. R7c5 Ke7 30. h3 Kd6 31. Kf2 Bd7 32. g4 g6 33. Kg3 Nf6 34. g5 Ne8 35. Kf4 Ng7 36. Kg3 Ne6 37. R5c2 Nxg5 38. Ra2 Ne6 39. h4 h6 40. Rac2 g5 41. hxg5 hxg5 42. Rh1 f4+ 43. Kf2 Rf8 44. Rh6 Rg8 45. Bg4 Rf8 46. Rg6 fxe3+ 47. Kxe3 Rf4 48. Bxe6 Bxe6 49. Rxg5 Rf3+ 50. Ke2 Rxb3 51. Rg6 Rb4 52. Ke3 Rxa4 53. Rh2 Ra3+ 54. Kf4 Rf3+ 55. Kg5 b5 56. Rhh6 Rg3+ 57. Kf4 Rxg6 58. Rxg6 a5 59. Ke3 a4 60. Kd2 b4 61. Rg7 Kc6 62. Rg6 Kd6 63. Rg7 Bd7 64. Rg6+ Kc7 65. Ra6 Bc6 66. Ra7+ Kb6 67. Rf7 Kb5 68. Rc7 a3 69. Kc2 Kb6 70. Rc8 Ba4+ 71. Kd2 a2 72. Rc1 Kb5 73. Ra1 Bb3 74. Rh1 Bc4 75. Kc2 Ka4 76. Kb2 e3 77. Rh8 e2 78. Re8 Kb5 79. Re6 b3 80. Ka1 Kb4 81. Kb2 a1=Q+ 82. Kxa1 Kc3 83. Re3+ Kxd4 84. Re8 Kc3 85. Kb1 Kd2 86. Kb2 e1=Q 0-1


[Site "https://www.chess.com"]

[Event "Titled Tuesday Blitz May 4 2021"]
[White "Gabriel, Robert"]
[Black "Grunberg, Mihai-Lucian"]
[WhiteFideId "4606477"]
[BlackFideId "1204149"]
[WhiteElo "2203"]
[BlackElo "2364"]
[Result "0-1"]
[Round "02"]
[TimeControl "180+1"]
[Date "2021.05.04"]
[WhiteClock "0:00:02"]
[BlackClock "0:00:55"]

1. d4 c5 2. d5 Nf6 3. Nc3 e6 4. e4 exd5 5. exd5 d6 6. Nf3 a6 7. a4 g6 8. Be2 Bg7 9. O-O O-O 10. Re1 Bf5 11. Bd3 Qd7 12. Bxf5 Qxf5 13. h3 Re8 14. Rxe8+ Nxe8 15. a5 Bxc3 16. bxc3 Nf6 17. c4 Nbd7 18. Bb2 Re8 19. Kf1 Qe4 20. Qd3 Nh5 21. Re1 Qxd3+ 22. cxd3 Rxe1+ 23. Nxe1 b6 24. Bc3 bxa5 25. Bxa5 Ne5 26. Ke2 Nf6 27. f4 Ned7 28. Kf3 Kf8 29. g4 Ke7 30. Nc2 h5 31. Ne3 hxg4+ 32. hxg4 Ne8 33. g5 f6 34. Ke4 Ng7 35. d4 Nh5 36. Ng2 cxd4 37. Kxd4 Nc5 38. Bb4 Nb7 39. c5 dxc5+ 40. Bxc5+ Nxc5 41. Kxc5 f5 42. Kc6 Kd8 43. Kb6 Kd7 44. Kc5 a5 45. Kb5 Kd6 46. Ne3 Nxf4 47. Kc4 Nh3 48. Nc2 Nxg5 49. Nd4 Ne4 50. Nb5+ Ke5 51. Nc7 f4 0-1


[Site "https://www.chess.com"]

[Event "Titled Tuesday Blitz May 4 2021"]
[White "Garakov, Mikhael"]
[Black "Langner, Ladislav"]
[WhiteFideId "4169034"]
[BlackFideId "300403"]
[WhiteElo "2367"]
[BlackElo "2346"]
[Result "1-0"]
[Round "02"]
[TimeControl "180+1"]
[Date "2021.05.04"]
[WhiteClock "0:00:31"]
[BlackClock "0:00:12"]

1. e4 c5 2. Nf3 e6 3. c4 Nc6 4. Nc3 Nd4 5. Be2 Ne7 6. O-O Nec6 7. d3 g6 8. Rb1 Bg7 9. a3 a5 10. Nxd4 Nxd4 11. b4 axb4 12. axb4 b6 13. bxc5 bxc5 14. Nb5 O-O 15. Bb2 d6 16. Bxd4 Bxd4 17. Nxd4 cxd4 18. f4 Bd7 19. Bf3 Ra3 20. e5 dxe5 21. fxe5 Qg5 22. Re1 Rc8 23. Qc2 Ba4 24. Qe2 Bc6 25. Bxc6 Rxc6 26. Rb8+ Kg7 27. Qf3 Rc5 28. Rf1 Qf5 29. Qb7 Rxe5 30. Rxf5 Ra1+ 31. Rf1 1-0


[Site "https://www.chess.com"]

[Event "Titled Tuesday Blitz May 4 2021"]
[White "Garcia Garcia, Alejandro"]
[Black "Shahinyan, David"]
[WhiteFideId "3516334"]
[BlackFideId "13304380"]
[WhiteElo "2131"]
[BlackElo "2372"]
[Result "0-1"]
[Round "02"]
[TimeControl "180+1"]
[Date "2021.05.04"]
[WhiteClock "0:01:47"]
[BlackClock "0:02:35"]

1. d4 Nf6 2. c4 c5 3. d5 g6 4. Nc3 Bg7 5. e4 d6 6. h3 O-O 7. Nf3 e6 8. Bd3 exd5 9. exd5 Re8+ 10. Be3 Nbd7 11. O-O a6 12. a4 Nh5 13. Qd2 Ne5 14. Nxe5 Rxe5 15. Rae1 Bd7 16. Bh6 Bxh3 17. Rxe5 Bxe5 18. gxh3 Qh4 19. Kg2 Bf4 20. Bxf4 Nxf4+ 21. Kf3 Qxh3+ 0-1


[Site "https://www.chess.com"]

[Event "Titled Tuesday Blitz May 4 2021"]
[White "Gelman, Alexander"]
[Black "Demidov, Mikhail"]
[WhiteFideId "4118316"]
[BlackFideId "4197143"]
[WhiteElo "2375"]
[BlackElo "2583"]
[Result "0-1"]
[Round "02"]
[TimeControl "180+1"]
[Date "2021.05.04"]
[WhiteClock "0:00:08"]
[BlackClock "0:00:06"]

1. d4 d5 2. Nc3 c6 3. Bf4 Bf5 4. f3 Bg6 5. h4 f6 6. h5 Bf7 7. e4 e6 8. Qd2 Bd6 9. Nge2 h6 10. O-O-O Ne7 11. g4 Na6 12. a3 Nc7 13. Kb1 Bxf4 14. Nxf4 Qd7 15. Na4 b6 16. Nc3 O-O-O 17. exd5 cxd5 18. Bd3 Rhe8 19. Rhe1 Kb8 20. Bf1 Nc6 21. Nb5 e5 22. Nxc7 Qxc7 23. Ne2 Bg8 24. Bg2 Bh7 25. f4 exd4 26. f5 Bg8 27. Nxd4 Ne5 28. Qf4 Bf7 29. c3 a6 30. Bf1 Kb7 31. Ka1 Re7 32. Bg2 Ka7 33. Nc2 Qc5 34. Nb4 a5 35. Nd3 Qc7 36. Qd4 Nc6 37. Rxe7 Qxe7 38. Qf4 Re8 39. Qf2 Qe2 40. Qxe2 Rxe2 41. Nf4 Rf2 42. Bxd5 Rxf4 43. Bxf7 Ne5 44. Bd5 Rxg4 45. c4 a4 46. Kb1 Kb8 47. Kc2 Kc7 48. Kc3 Nd7 49. Re1 Rg3+ 50. Kc2 Nc5 51. Re7+ Kd6 52. Re8 Rg5 53. Rb8 Kc7 54. Rg8 Nd7 55. Be6 Ne5 56. Rc8+ Kd6 57. Rb8 Kc5 58. Rc8+ Kd4 59. Rb8 Rg2+ 60. Kb1 Nxc4 61. Rd8+ Ke5 62. Bxc4 Kxf5 63. Bb5 Rg5 64. Be8 Kf4 65. Bg6 f5 66. Rd4+ Kg3 67. Rxa4 f4 68. Rd4 f3 69. Rd1 f2 70. Kc2 Kg2 71. Be4+ Kg3 72. Rf1 Rxh5 73. Kd2 Re5 74. Ke2 Rxe4+ 75. Kd3 Re1 0-1


[Site "https://www.chess.com"]

[Event "Titled Tuesday Blitz May 4 2021"]
[White "Gershon, Alik"]
[Black "Prraneeth Vuppala"]
[WhiteFideId "2802430"]
[BlackFideId "46622373"]
[WhiteElo "2286"]
[BlackElo "1759"]
[Result "1/2-1/2"]
[Round "02"]
[TimeControl "180+1"]
[Date "2021.05.04"]
[WhiteClock "0:00:12"]
[BlackClock "0:00:07"]

1. e4 e5 2. Nf3 Nc6 3. Bc4 Nf6 4. d3 Bc5 5. Nc3 d6 6. Bg5 h6 7. Bxf6 Qxf6 8. Nd5 Qd8 9. c3 Be6 10. b4 Bb6 11. a4 a5 12. Nxb6 cxb6 13. Bxe6 fxe6 14. bxa5 Rxa5 15. Nd2 O-O 16. O-O Qg5 17. Nc4 Rc5 18. Qc1 Qg6 19. Nxd6 Nd4 20. Qb2 Rxc3 21. Rac1 Rxd3 22. Nc4 Nf3+ 23. Kh1 Qh5 24. gxf3 Qxf3+ 25. Kg1 Qg4+ 26. Kh1 Qf3+ 27. Kg1 Qxe4 28. Qxe5 Qg4+ 29. Kh1 Qf3+ 30. Kg1 Qg4+ 31. Kh1 Rf5 32. Qxe6+ Kh7 33. f4 Rf3 34. Qe4 Rxf1+ 35. Rxf1 g6 36. Ne3 Qe2 37. Qe7+ Kh8 38. Qe8+ Kh7 39. Qe4 Rh5 40. Qe7+ Kh8 41. Qf8+ Kh7 42. Qf7+ Kh8 43. Qf6+ Kh7 44. Qe7+ Kh8 45. h4 Qd3 46. Qf6+ Kh7 47. Qe7+ Kh8 48. f5 Qd4 49. Qf8+ Kh7 50. Qf7+ Kh8 51. Qf8+ Kh7 52. Qe7+ Kg8 53. Qe8+ Kh7 54. Qe7+ Kh8 55. Qf8+ 1/2-1/2


[Site "https://www.chess.com"]

[Event "Titled Tuesday Blitz May 4 2021"]
[White "Golizadeh, Asghar"]
[Black "Gabrielian, Artur"]
[WhiteFideId "12505269"]
[BlackFideId "4131002"]
[WhiteElo "2403"]
[BlackElo "2539"]
[Result "0-1"]
[Round "02"]
[TimeControl "180+1"]
[Date "2021.05.04"]
[WhiteClock "0:00:27"]
[BlackClock "0:00:43"]

1. e4 c5 2. Nf3 d6 3. Bb5+ Bd7 4. Bxd7+ Nxd7 5. O-O Rc8 6. Re1 Ngf6 7. c3 e6 8. d4 cxd4 9. cxd4 Be7 10. Nc3 O-O 11. h3 a6 12. Bf4 b5 13. a3 Nb6 14. Rc1 Nc4 15. Qe2 d5 16. e5 Nd7 17. g3 Qb6 18. h4 h6 19. h5 a5 20. Nh2 b4 21. axb4 axb4 22. Nd1 Qxd4 23. b3 Ncb6 24. Be3 Qxe5 25. Ng4 Qf5 26. Rxc8 Nxc8 27. Bxh6 Qxh5 28. Bf4 Qg6 29. Nde3 Nd6 30. Nxd5 exd5 31. Qxe7 Re8 32. Qxd7 Rxe1+ 33. Kg2 Qe4+ 34. f3 Qe2+ 35. Nf2 Qf1+ 0-1


[Site "https://www.chess.com"]

[Event "Titled Tuesday Blitz May 4 2021"]
[White "Golsta, Madara"]
[Black "Shirazi, Kamran"]
[WhiteFideId "11607386"]
[BlackFideId "2000733"]
[WhiteElo "1880"]
[BlackElo "2317"]
[Result "0-1"]
[Round "02"]
[TimeControl "180+1"]
[Date "2021.05.04"]
[WhiteClock "0:01:29"]
[BlackClock "0:02:14"]

1. e4 d5 2. exd5 c6 3. dxc6 Nxc6 4. Nf3 e5 5. Bc4 e4 6. Ng1 Qg5 7. g3 Qg6 8. d3 Bg4 9. Qd2 O-O-O 10. h3 exd3 11. Bxd3 Bf5 12. Bxf5+ Qxf5 13. Qe2 Nd4 14. Qc4+ Kb8 15. Bf4+ Ka8 0-1


[Site "https://www.chess.com"]

[Event "Titled Tuesday Blitz May 4 2021"]
[White "Golubev, Mikhail"]
[Black "Mekhitarian, Krikor Sevag"]
[WhiteFideId "14100983"]
[BlackFideId "2107660"]
[WhiteElo "2374"]
[BlackElo "2598"]
[Result "1-0"]
[Round "02"]
[TimeControl "180+1"]
[Date "2021.05.04"]
[WhiteClock "0:01:09"]
[BlackClock "0:00:21"]

1. e4 c5 2. Nf3 d6 3. d4 cxd4 4. Nxd4 Nf6 5. Nc3 a6 6. Bc4 e6 7. Bb3 Nbd7 8. f4 Nc5 9. Qf3 Be7 10. Be3 Qc7 11. O-O O-O 12. g4 b5 13. g5 Nfxe4 14. Nxe4 Bb7 15. Nxe6 fxe6 16. Nxc5 Bxf3 17. Nxe6 Qc8 18. Rxf3 Kh8 19. Bd4 Rf7 20. Re1 Qd7 21. Bd5 Rc8 22. c3 Kg8 23. f5 Rc4 24. g6 hxg6 25. fxg6 Rxf3 26. Nc5+ Kh8 27. Nxd7 1-0


[Site "https://www.chess.com"]

[Event "Titled Tuesday Blitz May 4 2021"]
[White "Gombocz, Ferenc Jr."]
[Black "Valdes Romero, Leonardo"]
[WhiteFideId "775029"]
[BlackFideId "6500331"]
[WhiteElo "1913"]
[BlackElo "2497"]
[Result "0-1"]
[Round "02"]
[TimeControl "180+1"]
[Date "2021.05.04"]
[WhiteClock "0:00:01"]
[BlackClock "0:00:43"]

1. c4 Nf6 2. g3 e6 3. Bg2 d5 4. Nf3 Be7 5. O-O O-O 6. Ne5 Nbd7 7. d4 c6 8. cxd5 exd5 9. Nd3 Bd6 10. Nc3 Re8 11. Re1 Nf8 12. e4 dxe4 13. Nxe4 Nxe4 14. Bxe4 Ng6 15. Bxg6 hxg6 16. Rxe8+ Qxe8 17. Bf4 Qd8 18. Bxd6 Qxd6 19. Nc5 b6 20. Ne4 Qd5 21. Nc3 Qd6 22. d5 Bb7 23. Qd3 Rd8 24. Rd1 cxd5 25. Qd4 Qc5 26. Qh4 Ra8 27. Qf4 Bc6 28. Qe5 Re8 29. Qg5 d4 30. Qxc5 bxc5 31. Nb1 Re2 32. Nd2 Ba4 33. b3 Bb5 34. a4 Ba6 35. Kg2 f6 36. Kf3 g5 0-1


[Site "https://www.chess.com"]

[Event "Titled Tuesday Blitz May 4 2021"]
[White "Gonzalez, Francisco Silva"]
[Black "Dejmek, Mark"]
[WhiteFideId "1512285"]
[BlackFideId "2017628"]
[WhiteElo "2159"]
[BlackElo "2202"]
[Result "1-0"]
[Round "02"]
[TimeControl "180+1"]
[Date "2021.05.04"]
[WhiteClock "0:01:15"]
[BlackClock "0:00:02"]

1. d4 Nf6 2. c4 c5 3. d5 b5 4. cxb5 a6 5. b6 e6 6. Nc3 exd5 7. Nxd5 Nxd5 8. Qxd5 Nc6 9. Nf3 Rb8 10. e4 Be7 11. Bc4 O-O 12. O-O Rxb6 13. b3 Na5 14. Bf4 Bb7 15. Qd3 Nxc4 16. bxc4 Bf6 17. Rab1 Re8 18. Rxb6 Qxb6 19. Qxd7 Bc6 20. Qd6 Re6 21. Qd2 Rxe4 22. Re1 h6 23. Rxe4 Bxe4 24. h3 Qb1+ 25. Kh2 Qd3 26. Qxd3 Bxd3 27. Nd2 Bc3 28. a3 g5 29. Be3 f5 30. Nb3 Bxc4 31. Nxc5 f4 32. Bc1 Bd4 33. Ne4 Bd5 34. f3 Kg7 35. Nd6 Kg6 36. Bd2 Bb2 37. Bb4 Be5 38. Ne8 Kf7 39. Nd6+ Ke6 40. Nc8 Bd4 41. Ne7 Bc4 42. Ng6 Kf5 43. Nf8 1-0


[Site "https://www.chess.com"]

[Event "Titled Tuesday Blitz May 4 2021"]
[White "Grigoryan, Meri"]
[Black "Kiselev, Gennady"]
[WhiteFideId "13300571"]
[BlackFideId "4117107"]
[WhiteElo "2007"]
[BlackElo "2323"]
[Result "1-0"]
[Round "02"]
[TimeControl "180+1"]
[Date "2021.05.04"]
[WhiteClock "0:00:09"]
[BlackClock "0:00:01"]

1. d4 d5 2. Nf3 Nf6 3. Bg5 Ne4 4. Bf4 c5 5. e3 Nc6 6. c3 Bg4 7. Be2 e6 8. Ne5 Bxe2 9. Qxe2 Be7 10. Nd2 Nf6 11. O-O O-O 12. Ndf3 Rc8 13. Rac1 Qb6 14. Nxc6 bxc6 15. Ne5 Rfd8 16. Kh1 Ne4 17. f3 Nd6 18. Rfd1 f6 19. Nd3 Nc4 20. b3 Na3 21. Nf2 a5 22. e4 cxd4 23. cxd4 Nb5 24. Be3 Ba3 25. Rc2 dxe4 26. d5 c5 27. fxe4 exd5 28. exd5 Nd6 29. Qf3 Re8 30. Bf4 Re7 31. Qg3 Nf5 32. Qg4 g6 33. d6 Rd7 34. Ne4 Rf8 35. Rf2 Qc6 36. Bg3 Kg7 37. Rxf5 1-0


[Site "https://www.chess.com"]

[Event "Titled Tuesday Blitz May 4 2021"]
[White "Gritsenko, Nikolai"]
[Black "Stromboli, Ettore"]
[WhiteFideId "14112493"]
[BlackFideId "813761"]
[WhiteElo "2389"]
[BlackElo "2414"]
[Result "1/2-1/2"]
[Round "02"]
[TimeControl "180+1"]
[Date "2021.05.04"]
[WhiteClock "0:00:16"]
[BlackClock "0:00:15"]

1. d4 Nf6 2. Bg5 Ne4 3. h4 Nxg5 4. hxg5 e5 5. dxe5 Qxg5 6. Nf3 Qd8 7. e3 d6 8. Nc3 Nc6 9. Bb5 Bd7 10. exd6 Bxd6 11. Qd3 h6 12. Ne4 Ne5 13. Nxd6+ cxd6 14. Bxd7+ Qxd7 15. Qd5 Nxf3+ 16. gxf3 O-O-O 17. O-O-O Kb8 18. Rh4 Qe6 19. Qa5 Rd7 20. Ra4 b6 21. Qb4 Rc8 22. Qe4 Rc5 23. Qxe6 fxe6 24. Re4 e5 25. c3 Kc7 26. f4 exf4 27. Rxf4 Re5 28. Kd2 Ree7 29. Ke2 Rf7 30. Rc4+ Kd8 31. a4 h5 32. a5 bxa5 33. Rd5 Rb7 34. Rd2 Kd7 35. Rcd4 Rf6 36. Rd5 a4 37. Rxh5 a3 38. bxa3 Rb3 39. Ra5 Rxc3 40. Rxa7+ Rc7 41. Rxc7+ Kxc7 42. Rd4 Kc6 43. a4 Kc5 44. f4 d5 45. a5 Ra6 46. Ra4 Kb5 47. Ra1 Rxa5 48. Rxa5+ Kxa5 49. Kd3 Kb5 50. Kd4 Kc6 51. Ke5 Kc5 52. f5 Kc4 53. Kd6 d4 54. exd4 Kxd4 55. Ke6 Ke4 56. f6 gxf6 57. Kxf6 1/2-1/2


[Site "https://www.chess.com"]

[Event "Titled Tuesday Blitz May 4 2021"]
[White "Grochal, Joey"]
[Black "Shimelkov, Vasiliy"]
[WhiteFideId "1019945"]
[BlackFideId "13701630"]
[WhiteElo "2265"]
[BlackElo "2073"]
[Result "0-1"]
[Round "02"]
[TimeControl "180+1"]
[Date "2021.05.04"]
[WhiteClock "0:00:26"]
[BlackClock "0:00:12"]

1. d4 d5 2. c4 e6 3. Nf3 Nf6 4. Nc3 Be7 5. Bf4 O-O 6. e3 b6 7. cxd5 Nxd5 8. Nxd5 exd5 9. Rc1 c5 10. Bd3 Be6 11. O-O Nd7 12. Qe2 Nf6 13. Ne5 c4 14. Bb1 Rc8 15. h3 b5 16. Bh2 b4 17. f4 c3 18. bxc3 bxc3 19. Bg3 Ba3 20. Rcd1 Ne4 21. Be1 Qc7 22. Bc2 f6 23. Nd3 Rfe8 24. f5 Bf7 25. Rf4 Bd6 26. Rh4 Bg3 27. Bxg3 Nxg3 28. Qf3 Ne4 29. Qf4 Qxf4 30. Rxf4 Nd6 31. Kf2 Nc4 32. Rf3 h5 33. g3 h4 34. g4 Na3 35. Rc1 Re7 36. Bb3 a5 37. Nc5 a4 38. Nxa4 Be8 39. Rxc3 Rxc3 40. Nxc3 Bc6 41. Nxd5 Bxd5 42. Bxd5+ Kf8 43. e4 Nb5 44. Rd3 Rc7 45. a4 Rc2+ 46. Ke3 Nc3 47. Be6 Ke7 48. d5 Kd6 49. Rd2 Rc1 50. a5 Nb5 51. Ra2 Rh1 52. a6 Rxh3+ 53. Kf2 Rh2+ 0-1


[Site "https://www.chess.com"]

[Event "Titled Tuesday Blitz May 4 2021"]
[White "Gurevich, Dmitry"]
[Black "Urazayev, Arystanbek"]
[WhiteFideId "2000407"]
[BlackFideId "13709810"]
[WhiteElo "2506"]
[BlackElo "2321"]
[Result "1-0"]
[Round "02"]
[TimeControl "180+1"]
[Date "2021.05.04"]
[WhiteClock "0:00:07"]
[BlackClock "0:00:05"]

1. d4 d5 2. c4 e6 3. Nc3 Nf6 4. Nf3 dxc4 5. Qa4+ Nbd7 6. e4 c6 7. Qxc4 Be7 8. Be2 O-O 9. e5 Nd5 10. O-O f5 11. exf6 Bxf6 12. Re1 N7b6 13. Qb3 Bd7 14. Ne4 Be7 15. Bf1 a5 16. Neg5 Rf6 17. Qd3 g6 18. Ne5 Be8 19. Qh3 h5 20. Ne4 Rf5 21. Ng3 Rf8 22. Qxe6+ Kh7 23. Bd2 Rf6 24. Qh3 Nf4 25. Bxf4 Rxf4 26. Bd3 Rh4 27. Qe6 Qd6 28. Nf3 Qxe6 29. Rxe6 Bd8 30. Nxh4 Bxh4 31. Rae1 Bf7 32. Rd6 Nd5 33. Nxh5 Kg8 34. Ng3 Nb4 35. Bb1 Nxa2 36. Bxa2 Bxa2 37. Rxg6+ Kf7 38. Rh6 Bf6 39. Ne4 Bg7 40. Nd6+ Kg8 41. Rg6 Kh8 42. Rg4 b5 43. Re3 Bd5 44. Rh3+ Kg8 45. Rhg3 Ra7 46. Nf5 a4 47. Rxg7+ Rxg7 48. Rxg7+ Kf8 49. Ra7 Be4 50. Ne3 Bc2 51. f3 Bb3 52. Kf2 b4 53. Ke2 1-0


[Site "https://www.chess.com"]

[Event "Titled Tuesday Blitz May 4 2021"]
[White "Hartikainen, Jarmo"]
[Black "Stepak, Yedael"]
[WhiteFideId "503134"]
[BlackFideId "2800454"]
[WhiteElo "2066"]
[BlackElo "2146"]
[Result "0-1"]
[Round "02"]
[TimeControl "180+1"]
[Date "2021.05.04"]
[WhiteClock "0:00:02"]
[BlackClock "0:00:37"]

1. e4 c5 2. Nf3 e6 3. d4 cxd4 4. Nxd4 a6 5. Nc3 Qc7 6. Bd3 Bd6 7. Be3 Nf6 8. h3 h6 9. O-O g5 10. Be2 Be5 11. a4 b6 12. Qd2 Bb7 13. Bf3 Rg8 14. g4 h5 15. Rad1 hxg4 16. hxg4 Bf4 17. Rfe1 Qe5 18. Nde2 Nc6 19. Bxf4 gxf4 20. Qxf4 Qxf4 21. Nxf4 Nxg4 22. Bg2 Nce5 23. f3 Nf6 24. Kf2 Rc8 25. Rh1 Nc4 26. b3 Na3 27. Ncd5 Rxc2+ 28. Kf1 exd5 29. exd5 Rc5 30. Rh6 Nxd5 31. Nxd5 Rxd5 32. Rxd5 Bxd5 33. Rxb6 Ke7 34. Kf2 Nc2 35. Rxa6 Bxb3 36. Ra7 Nd4 37. a5 Nb5 38. Rb7 Ba4 39. a6 Nd6 40. Rc7 Bc6 41. a7 Nb5 0-1


[Site "https://www.chess.com"]

[Event "Titled Tuesday Blitz May 4 2021"]
[White "Hasangatin, Ramil"]
[Black "Van Foreest, Jorden"]
[WhiteFideId "4122160"]
[BlackFideId "1039784"]
[WhiteElo "2430"]
[BlackElo "2622"]
[Result "0-1"]
[Round "02"]
[TimeControl "180+1"]
[Date "2021.05.04"]
[WhiteClock "0:00:01"]
[BlackClock "0:00:08"]

1. e4 c6 2. Nf3 d5 3. d3 f6 4. e5 Bg4 5. h3 Bh5 6. Bf4 Nd7 7. g4 Bf7 8. Bg2 e6 9. Nbd2 Ne7 10. Bg3 Ng6 11. d4 Qb6 12. Nb3 c5 13. dxc5 Nxc5 14. exf6 gxf6 15. Nfd4 O-O-O 16. O-O Bd6 17. Bxd6 Qxd6 18. Nxc5 Qxc5 19. Qd2 e5 20. Nb3 Qb6 21. Qa5 Qxa5 22. Nxa5 Nf4 23. Rfe1 h5 24. f3 d4 25. Nb3 Bd5 26. Nc5 hxg4 27. hxg4 Rh4 28. Ne4 Rdh8 29. Rad1 Rh2 30. Rd2 Bxe4 31. Rxe4 Kc7 32. Rxf4 exf4 33. Rxd4 R2h6 34. Rxf4 Rd8 35. Bf1 Rd2 36. Bd3 Kd6 37. Rf5 b6 38. a4 Rhh2 39. a5 bxa5 40. Rxa5 Rdg2+ 41. Kf1 Rf2+ 42. Kg1 Rfg2+ 43. Kf1 Rd2 44. Kg1 Rh3 45. Rf5 Ke7 46. b4 Rg3+ 47. Kf1 Rgg2 48. b5 Rgf2+ 49. Ke1 Rh2 50. Kf1 Rd1# 0-1


[Site "https://www.chess.com"]

[Event "Titled Tuesday Blitz May 4 2021"]
[White "Hernandez Jimenez, Alexander Andres"]
[Black "Yurtseven, Melih"]
[WhiteFideId "3900452"]
[BlackFideId "6312160"]
[WhiteElo "2151"]
[BlackElo "2160"]
[Result "0-1"]
[Round "02"]
[TimeControl "180+1"]
[Date "2021.05.04"]
[WhiteClock "0:00:56"]
[BlackClock "0:01:47"]

1. e4 e6 2. d4 d5 3. Nd2 Nc6 4. Ngf3 Nf6 5. e5 Nd7 6. Be2 Be7 7. O-O a5 8. c4 dxc4 9. Nxc4 Nb4 10. b3 b6 11. Ba3 Bb7 12. Nfd2 Nd5 13. Bxe7 Qxe7 14. Bf3 O-O 15. Ne4 a4 16. Ne3 axb3 17. axb3 Qb4 18. Rxa8 Rxa8 19. Qc2 Qxd4 20. Nxd5 Bxd5 21. Qxc7 Nxe5 22. Rd1 Nxf3+ 0-1


[Site "https://www.chess.com"]